 Dungeon Crawl Stone Soup version 0.20.1-1-g8b1a95d66d (webtiles) character file.

995 Jerry the Cleaver (level 7, -2/58 HPs)
             Began as a Demigod Fighter on Nov 20, 2017.
             Slain by a mummy (11 damage)
             ... in an ossuary.
             The game lasted 00:09:09 (3088 turns).

Jerry the Cleaver (Demigod Fighter)                 Turns: 3088, Time: 00:09:10

Health: -2/58      AC:  9    Str: 28    XL:     7   Next: 66%
Magic:  9/9        EV:  7    Int: 12    God:
Gold:   178        SH: 10    Dex: 15    Spells: 6/6 levels left

rFire    . . .     SeeInvis .   a - +0 war axe
rCold    . . .     Gourm    .   c - +0 shield
rNeg     . . .     Faith    .   b - +0 scale mail
rPois    .         Spirit   .   (no helmet)
rElec    .         Reflect  .   r - +0 cloak
rCorr    .         Harm     .   p - +0 pair of gloves
MR       .....                  (no boots)
Stlth    ..........             (no amulet)
Regen    0.2/turn               n - ring of flight
MPRegen  0.2/turn               (no ring)

@: mighty
A: high mp 1
a: Evoke Flight


You were in an ossuary.
You were not hungry.

You visited 1 branch of the dungeon, and saw 4 of its levels.
You also visited: Ossuary.

You collected 178 gold pieces.

Inventory:

Hand Weapons
 a - a +0 war axe (weapon)
 g - a +0 blowgun
Missiles
 u - 10 poisoned needles
Armour
 b - a +0 scale mail (worn)
 c - a +0 shield (worn)
 p - a +0 pair of gloves (worn)
 r - a +0 cloak (worn)
Jewellery
 n - a ring of flight (left hand)
 w - a +4 ring of intelligence {unknown}
Wands
 v - a wand of iceblast (5/15)
Scrolls
 e - a scroll of magic mapping {unknown}
 i - 3 scrolls of teleportation
 l - 2 scrolls of remove curse
 o - a scroll of identify
 x - a scroll of enchant armour {unknown}
Potions
 k - a potion of berserk rage {unknown}
 m - 2 potions of mutation {unknown}
 s - 3 potions of ambrosia {unknown}
 t - a potion of resistance {unknown}
Comestibles
 f - 3 bread rations
 h - 2 royal jellies
 q - a fruit


   Skills:
 + Level 3.9 Fighting
 * Level 12.1 Axes
 + Level 3.9 Armour
 + Level 3.8 Shields


You had 6 spell levels left.
You didn't know any spells.

Dungeon Overview and Level Annotations

Branches:
Dungeon (4/15)
 Temple: D:4-7


Innate Abilities, Weirdness & Mutations

You have an increased reservoir of magic. (+10% MP)


Message History

The mummy closely misses you. You block the mummy's attack.
You hit the mummy but do no damage. You barely miss the mummy.
The mummy hits you!
You hit the mummy.
The mummy is lightly damaged.
You hit the mummy. The mummy hits you!
You are too injured to fight recklessly!
You feel very mighty all of a sudden. You block the mummy's attack.
You slash the mummy!
The mummy is heavily damaged.
You barely miss the mummy. You slash the mummy! The mummy hits you! x2
* * * LOW HITPOINT WARNING * * *
You barely miss the mummy.
The mummy is heavily damaged.
You slash the mummy! You hit the mummy. The mummy hits you.
* * * LOW HITPOINT WARNING * * *
The mummy hits you!
You die...

#....#
#....#
#....#
#....#
#....#
#....#
#Z...#
#MM..#
#@MM.#
######


You could see 4 mummies and a hobgoblin zombie.

Vanquished Creatures
  The ghost of stonage the Slasher, an amateur DsFi of Gozag (D:3)
  The ghost of feeb the Skirmisher, an amateur MiFi (D:4)
  An ice beast (D:4)
  A phantom (D:4)
  An orc priest (D:3)
  A hound (D:4)
  4 adders
  A dart slug (D:3)
  4 leopard geckos
  4 orcs
  5 bats
  2 giant cockroaches (D:1)
  A gnoll zombie (Ossuary)
  9 goblins
  2 hobgoblins
  3 jackals (D:4)
  9 kobolds
  A quokka (D:3)
  2 ball pythons (D:3)
  7 frilled lizards
  3 hobgoblin zombies (Ossuary)
  A kobold zombie (Ossuary)
  2 orc zombies (Ossuary)
  6 rats
72 creatures vanquished.

Notes
Turn   | Place    | Note
-------+----------+-------------------------------------------
     0 | D:1      | Jerry the Demigod Fighter began the quest for the Orb.
     0 | D:1      | Reached XP level 1. HP: 18/18 MP: 3/3
   102 | D:1      | Reached skill level 2 in Axes
   180 | D:1      | Reached XP level 2. HP: 20/25 MP: 4/4
   655 | D:2      | Found a burning altar of Makhleb.
   655 | D:2      | Found a bloodstained altar of Trog.
   674 | D:2      | Reached XP level 3. HP: 14/30 MP: 5/5
   831 | D:2      | Found a deep blue altar of Sif Muna.
  1470 | D:3      | Noticed stonage's ghost (amateur DsFi)
  1483 | D:3      | Killed stonage's ghost
  1483 | D:3      | Reached skill level 3 in Axes
  1483 | D:3      | Reached XP level 4. HP: 6/39 MP: 6/6
  1483 | D:3      | Reached XP level 5. HP: 7/45 MP: 7/7
  2043 | D:3      | Found an iron altar of Okawaru.
  2065 | D:3      | Reached skill level 4 in Axes
  2237 | D:3      | Found a faded altar of an unknown god.
  2258 | D:3      | Reached XP level 6. HP: 42/52 MP: 8/8
  2573 | D:3      | Reached skill level 11 in Axes
  2573 | D:3      | Reached XP level 7. HP: 58/58 MP: 9/9
  2634 | D:4      | Noticed feeb's ghost (amateur MiFi)
  2648 | D:4      | Killed feeb's ghost
  2648 | D:4      | Reached skill level 12 in Axes
  2780 | D:4      | Found a shimmering altar of Xom.
  3031 | D:4      | Found a sand-covered staircase.
  3039 | Ossuary  | Entered an ossuary
  3088 | Ossuary  | Slain by a mummy

Skill      XL: |  1  2  3  4  5  6  7 |
---------------+----------------------+-----
Axes           | 2 3 4 11 12 | 12.1
Armour         | 3 |  3.9
Fighting       | 3 |  3.9
Shields        | 3 |  3.8

Action                   |  1- 3 |  4- 6 |  7- 9 || total
-------------------------+-------+-------+-------++-------
Melee: War axe           |   140 |    49 |    83 ||   272
  Use: Potion            |     2 |     1 |     1 ||     4
       Scroll            |       |     5 |       ||     5
  Eat: Chunk             |     2 |     3 |     2 ||     7
Armor: Scale mail        |    78 |    20 |    23 ||   121
Dodge: Dodged            |    48 |     7 |    14 ||    69
Block: Shield            |    77 |    19 |    29 ||   125
